 Dungeon Crawl Stone Soup version 0.31-a0-844-gdc52ec4e09 (webtiles) character file.

Game seed: 5386473869403134864

30 randomguy2701 the Fighter (level 3, -1/38 HPs)
             Began as a Gnoll Wanderer on Sept 29, 2023.
             Slain by a goblin
             ... wielding a +0 club
             ... led by Robin
              (6 damage)
             ... on level 1 of the Dungeon.
             The game lasted 00:01:12 (783 turns).

randomguy2701 the Fighter (Gnoll Wanderer)           Turns: 783, Time: 00:01:13

Health: -1/38      AC:  2    Str:  9    XL:     3   Next: 20%
Magic:  8/9        EV: 11    Int: 11    God:
Gold:   68         SH:  0    Dex: 15    Spells: 9/12 levels left

rFire   . . .        a - +1 falchion
rCold   . . .        (no shield)
rNeg    . . .        c - +0 robe
rPois   .            (no helmet)
rElec   .            (no cloak)
rCorr   .            (no gloves)
SInv    .            (no boots)
Will    .....        (no amulet)
Stlth   ++           (no ring)
HPRegen 0.26/turn    (no ring)
MPRegen 0.11/turn

%: no passive effects
@: no status effects
A: fangs 1, strong nose, distributed training
a: no special abilities


You were on level 1 of the Dungeon.
You visited 1 branch of the dungeon, and saw 2 of its levels.

You collected 68 gold pieces.

Inventory:

Hand Weapons
 a - a +1 falchion (weapon)
Armour
 c - a +0 robe (worn)
Jewellery
 j - a ring of see invisible
Scrolls
 b - a scroll of fear
 d - a scroll of teleportation {unknown}
 e - 2 scrolls of identify {unknown}
 g - a scroll of immolation {unknown}
Potions
 f - a potion of haste {unknown}
 h - a potion of attraction {unknown}
 i - a potion of brilliance {unknown}


   Skills:
 + Level 8.5 Fighting
 + Level 0.7 Short Blades
 + Level 2.6 Long Blades
 + Level 0.7 Axes
 + Level 0.7 Maces & Flails
 + Level 0.7 Polearms
 + Level 0.7 Staves
 + Level 0.7 Ranged Weapons
 + Level 0.7 Throwing
 + Level 2.6 Armour
 + Level 0.7 Dodging
 + Level 0.7 Stealth
 + Level 0.7 Shields
 + Level 0.7 Unarmed Combat
 + Level 5.0 Spellcasting
 + Level 0.5 Conjurations
 + Level 0.5 Hexes
 + Level 0.5 Summonings
 + Level 0.5 Necromancy
 + Level 3.7 Translocations
 + Level 0.5 Transmutations
 + Level 0.5 Fire Magic
 + Level 0.5 Ice Magic
 + Level 0.5 Air Magic
 + Level 0.5 Earth Magic
 + Level 0.5 Poison Magic
 + Level 0.9 Invocations
 + Level 0.7 Evocations
 + Level 0.6 Shapeshifting


You had 9 spell levels left.
You knew the following spells:

 Your Spells              Type           Power      Damage    Failure   Level
a - Apportation           Tloc           22%        N/A       4%          1
b - Blink                 Tloc           22%        N/A       7%          2

Your spell library contained the following spells:

 Spells                   Type           Power      Damage    Failure   Level
 Lesser Beckoning         Tloc           22%        N/A       7%          2
 Call Canine Familiar     Summ           3%         N/A       45%         3
 Dazzling Flash           Conj/Hex       6%         N/A       45%         3
 Sigil of Binding         Hex            3%         N/A       45%         3
 Dimensional Bullseye     Hex/Tloc       3%         N/A       65%         4
 Leda's Liquefaction      Hex/Erth       1%         N/A       86%         4
 Agony                    Necr           3%         N/A       99%         5
 Silence                  Hex/Air        1%         N/A       99%         5


Dungeon Overview and Level Annotations

Branches:
Dungeon (2/15)

Altars:

Annotations:
D:2 Robin, Terence


Innate Abilities, Weirdness & Mutations

You have very sharp teeth.
Your uncanny sense of smell can sniff out nearby items.
Your experience applies equally to all skills.


Message History

Terence is severely wounded.
A hobgoblin comes into view.
Robin throws the goblin at you! Terence closely misses you.
Terence hits you with a +0 short sword. The goblin hits you with a +0 dagger.
Robin throws the goblin at you! The goblin hits you with a +0 dagger.
* * * LOW HITPOINT WARNING * * *
A goblin comes into view. It is wielding a +0 dagger.
The hobgoblin moves out of view.
You are too injured to fight recklessly!
Unknown command.
Cast which spell? (? or * to list)
You blink.
A hobgoblin, 4 goblins and a kobold come into view.
Found a black potion and 11 gold pieces.
Found a stone staircase leading up.
The goblin shouts! x3
The goblin unwields a +0 dagger.
The goblin wields a +0 sling.
The goblin shoots a sling bullet.
The sling bullet barely misses you.
The goblin unwields a +0 dagger.
The goblin wields a +0 sling.
The goblin shoots a sling bullet.
The sling bullet misses you. The goblin misses you.
Robin throws the goblin at you! The kobold barely misses you.
The goblin hits you with a +0 dagger.
* * * LOW HITPOINT WARNING * * *
The goblin closely misses you.
The hobgoblin attacks as it pursues you!
The hobgoblin misses you.
Robin says, "My goblins will feast on your bones."
The goblin barely misses you.
There is a stone staircase leading up here.
The goblin hits you with a +0 dagger.
* * * LOW HITPOINT WARNING * * *
The goblin hits you but does no damage.
You climb upwards.
You feel ready to blink again.
There is a stone staircase leading down here.
The goblin hits you with a +0 dagger.
* * * LOW HITPOINT WARNING * * *
The hobgoblin closely misses you. The goblin hits you with a +0 club.
You die...

####### #.....# #.###.#
#.# #.# #####.# #.#
#.....###.###
###########.######....#
...............g>g....#
##############.g@####.#
....# #≈≈~~~≈≈≈#.#
....##########...######
............#......#
............##.#..##
...............#..#
..................#
..........###.....#
..............#...#


You could see a hobgoblin (strong) and 2 goblins.

Vanquished Creatures
  A dart slug (D:1)
  3 bats (D:1)
  3 endoplasms
  3 giant cockroaches (D:1)
  A goblin (D:1)
  4 hobgoblins
  3 kobolds (D:1)
  A quokka (D:1)
  3 ball pythons (D:1)
  A frilled lizard (D:1)
  A rat (D:1)
24 creatures vanquished.

Notes
Turn   | Place    | Note
-------+----------+-------------------------------------------
     0 | D:1      | randomguy2701 the Gnoll Wanderer began the quest for the
                  | Orb.
     0 | D:1      | randomguy2701 set off with the following items: a +1
                  | falchion, a scroll of fear, a +0 robe; and the following
                  | spell memorised: Apportation; and the following spells
                  | available to memorise: Blink, Lesser Beckoning.
     0 | D:1      | Reached XP level 1. HP: 26/26 MP: 6/6
   104 | D:1      | Reached XP level 2. HP: 26/33 MP: 7/7
   444 | D:1      | Reached XP level 3. HP: 33/38 MP: 9/9
   467 | D:1      | Reached skill level 5 in Spellcasting
   721 | D:2      | Learned a level 2 spell: Blink
   766 | D:2      | Noticed Terence
   769 | D:2      | Noticed Robin
   783 | D:1      | Slain by a goblin

Illustrated notes

Levels and vault maps discovered:
D:1:      elethiomel_arrival_quiet, layout_basic, chequers_serial_rivers_micro_a
D:2:      layout_loops_ring, serial_forest, infiniplex_forest_lined_corner,
          infiniplex_forest_clump_small, infiniplex_forest_straight_1,
          infiniplex_forest_clump_medium, infiniplex_forest_end_2,
          cheibrodos_gnoll_hut, uniq_robin, uniq_terence

Skill      XL: |  1  2  3 |
---------------+----------+-----
Spellcasting   | 5 |  5.0
Fighting       | |  8.5
Short Blades   | |  0.7
Long Blades    | |  2.6
Axes           | |  0.7
Maces & Flails | |  0.7
Polearms       | |  0.7
Staves         | |  0.7
Ranged Weapons | |  0.7
Throwing       | |  0.7
Armour         | |  2.6
Dodging        | |  0.7
Stealth        | |  0.7
Shields        | |  0.7
Unarmed Combat | |  0.7
Conjurations   | |  0.5
Hexes          | |  0.5
Summonings     | |  0.5
Necromancy     | |  0.5
Translocations | |  3.7
Transmutations | |  0.5
Fire Magic     | |  0.5
Ice Magic      | |  0.5
Air Magic      | |  0.5
Earth Magic    | |  0.5
Poison Magic   | |  0.5
Invocations    | |  0.9
Evocations     | |  0.7
Shapeshifting  | |  0.6

Action                     || total
---------------------------++-------
  Melee: Falchion          ||    59
         Bite              ||     4
   Cast: Blink             ||     1
 Armour: Robe              ||    45
  Dodge: Dodged            ||    48

Table legend: (Time is in decaauts)
 A = Elapsed time spent in this place.
 B = Non-inter-level travel time spent in this place.
 C = Inter-level travel time spent in this place.
 D = Time resting spent in this place.
 E = Time spent auto-exploring this place.
 F = Levels seen in this place.
 G = Mean time per level.
                   A        B        C        D        E       F      G
               +--------+--------+--------+--------+--------+-----+--------+
         Total |    794 |    776 |     18 |      0 |    601 |   2 |  397.0 |
       Dungeon |    794 |    776 |     18 |      0 |    601 |   2 |  397.0 |
               +--------+--------+--------+--------+--------+-----+--------+

Top non-repeatable levels by time:
     D:1: 727 daAuts
     D:2: 66 daAuts
